 Dungeon Crawl Stone Soup version 0.29.1-4-g47bece8355 (webtiles) character file.

Game seed: 15944103365615295328

858 retardedninja the Chopper (level 8, -1/69 HPs)
             Began as a Hill Orc Fighter on Dec 7, 2022.
             Was an Initiate of Gozag.
             Killed from afar by a white imp (6 damage)
             ... with a puff of frost
             ... summoned by Eustachio
             ... on level 4 of the Dungeon.
             The game lasted 00:06:22 (5317 turns).

retardedninja the Chopper (Hill Orc Fighter)        Turns: 5317, Time: 00:06:23

Health: -1/69      AC:  7    Str: 21    XL:     8   Next: 2%
Magic:  8/8        EV:  6    Int:  8    God:    Gozag
Gold:   131        SH: 12    Dex: 10    Spells: 7/7 levels left

rFire   . . .      SeeInvis .   a - +1 war axe
rCold   . . .      Faith    .   e - +0 tower shield
rNeg    . . .      Spirit   .   b - +0 scale mail
rPois   .          Reflect  .   (no helmet)
rElec   .          Harm     .   (no cloak)
rCorr   .          Rampage  .   (no gloves)
Will    .....                   (no boots)
Stlth   ..........              (no amulet)
HPRegen 0.21/turn               (no ring)
MPRegen 0.11/turn               (no ring)

@: about to teleport, gold aura
A: no striking features
a: Renounce Religion, Potion Petition, Call Merchant, Bribe Branch


You were on level 4 of the Dungeon.
You worshipped Gozag.
Gozag was aware of your devotion.
You visited 2 branches of the dungeon, and saw 7 of its levels.

You collected 251 gold pieces.
You paid 120 gold pieces to Gozag.

Inventory:

Hand Weapons
 a - a +1 war axe (weapon)
Missiles
 f - a throwing net
 q - 3 javelins (quivered)
Armour
 b - a +0 scale mail (worn)
 c - a +0 buckler
 e - a +0 tower shield (worn)
Jewellery
 g - a +4 ring of protection
Wands
 h - a wand of flame (19)
 r - a wand of light (2)
Scrolls
 i - 2 scrolls of identify
 k - a scroll of vulnerability
 l - 7 scrolls of noise
 n - 2 scrolls of poison
Potions
 j - a potion of magic


   Skills:
 + Level 5.4 Fighting
 + Level 7.3 Axes
 + Level 5.8 Armour
 + Level 1.1 Dodging
 + Level 1.4 Stealth
 + Level 4.7 Shields


You had 7 spell levels left.
You didn't know any spells.
Your spell library contained the following spells:

 Spells                   Type           Power      Damage    Failure   Level
 Scorch                   Fire           0%         2d5       100%        2
 Flame Wave               Conj/Fire      0%         2d4       100%        4
 Summon Cactus Giant      Summ           0%         N/A       100%        6


Dungeon Overview and Level Annotations

Branches:
Dungeon (6/15)             Temple (1/1) D:4

Altars:
Gozag
Makhleb
Nemelex Xobeh
Wu Jian

Shops:
D:2 ?   D:6 :

Annotations:
D:4 Eustachio


Message History

You closely miss the white imp.
The ufetubus hits you but does no damage.
You block the ufetubus's attack. The ufetubus closely misses you.
The ufetubus barely misses you. The iron imp hits you.
A quokka comes into view.
The white imp hits you but does no damage.
The orc is distracted by your dazzling golden aura.
The ufetubus is distracted by your dazzling golden aura.
You block the iron imp's attack.
The ufetubus shouts!
The orc shouts!
You hit something.
Reactivating autopickup.
You feel a bit more experienced.
You closely miss the iron imp. You hit the ufetubus.
The ufetubus is no longer distracted by gold.
You hit the white imp.
The ufetubus hits you but does no damage.
The ufetubus hits you.
* * * LOW HITPOINT WARNING * * *
The white imp hits you.
* * * LOW HITPOINT WARNING * * *
The white imp freezes you.
* * * LOW HITPOINT WARNING * * *
You block the ufetubus's attack. The ufetubus barely misses you.
You block the iron imp's attack. The orc closely misses you.
The white imp gestures at you. The puff of frost hits you!
* * * LOW HITPOINT WARNING * * *
You have reached level 8!
As you read the scroll of teleportation, it crumbles to dust.
You feel strangely unstable.
The orc is no longer distracted by gold.
The ufetubus hits you but does no damage. x2
You block the orc's attack. You block the iron imp's attack.
Eustachio gestures wildly while chanting.
Eustachio blinks!
The white imp gestures at you. The puff of frost hits you.
You die...
Your body crumbles into a pile of gold.

... .. .. ... .. ... .# ##.##.##
.# ####### ##....ro# .# #......
......o$# .# #.##...
#.##.5@#####.####.##...
##....5.5.##............
..^.#ยง..#.##..####....>.
........#.##..#.#....[..
.@.........)........##...
######...###.#####.##.##.#..##...
......... #.......##.##.##......
#..####.# #.########........####
#.....# # ##.# ##......## #


You could see Eustachio, an iron imp (summoned), a white imp (summoned), 2 orcs,
an ufetubus (summoned) and a quokka.

Vanquished Creatures
  Grinder (D:3)
  An ogre (D:4)
  Blork the orc (D:4)
  A necrophage (D:4)
  An orc priest (D:5)
  A jelly (D:5)
  A gnoll bouda (D:5)
  Jessica (D:3)
  An iguana (D:5)
  3 orc wizards
  Robin (D:4)
  8 gnolls
  4 adders
  8 worms
  6 dart slugs
  7 orcs
  4 endoplasms
  A giant cockroach (D:2)
  11 goblins
  9 hobgoblins
  5 jackals (D:3)
  2 quokkas (D:1)
  2 ball pythons (D:2)
  4 bats
  5 frilled lizards
  5 kobolds
  3 rats
97 creatures vanquished.

Vanquished Creatures (others)
  A ball python (D:4)
1 creature vanquished.

Grand Total: 98 creatures vanquished

Notes
Turn   | Place    | Note
-------+----------+-------------------------------------------
     0 | D:1      | retardedninja the Hill Orc Fighter began the quest for the
                  | Orb.
     0 | D:1      | Reached XP level 1. HP: 19/19 MP: 1/1
   204 | D:1      | Reached XP level 2. HP: 20/27 MP: 2/2
   943 | D:2      | Found Saviy's Magic Scroll Boutique.
   991 | D:2      | Reached XP level 3. HP: 33/33 MP: 3/3
  1158 | D:2      | Reached skill level 3 in Axes
  1534 | D:3      | Identified the +1 ring mail of the Poles {Int+5 Stlth+}
  1607 | D:3      | You fall into a shaft and drop 3 floors!
  1607 | D:6      | Found Esapiqua's Self-Improvement Boutique.
  1626 | D:6      | Noticed a necrophage
  1656 | D:5      | Entered Level 5 of the Dungeon
  1663 | D:5      | Reached XP level 4. HP: 17/40 MP: 4/4
  1669 | D:5      | Reached skill level 4 in Axes
  2046 | D:5      | Reached XP level 5. HP: 46/47 MP: 5/5
  2703 | D:5      | Reached skill level 1 in Stealth
  2703 | D:5      | Reached XP level 6. HP: 41/53 MP: 6/6
  2799 | D:4      | Noticed Robin
  2809 | D:4      | Killed Robin
  3221 | D:4      | Reached skill level 5 in Axes
  3245 | D:4      | Reached skill level 1 in Dodging
  3361 | D:4      | Reached skill level 6 in Axes
  3361 | D:4      | Reached skill level 5 in Armour
  3361 | D:4      | Reached XP level 7. HP: 37/60 MP: 7/7
  3741 | D:4      | Noticed Eustachio
  3751 | D:3      | Noticed Grinder
  3763 | D:3      | Killed Grinder
  3764 | D:3      | Reached skill level 5 in Fighting
  3911 | D:3      | Noticed Jessica
  3918 | D:3      | Killed Jessica
  3948 | D:3      | HP: 3/91 [gnoll/+0 spear (4)]
  3957 | D:3      | HP: 2/61 [gnoll/+0 whip (2)]
  4692 | D:3      | Reached skill level 7 in Axes
  4854 | D:4      | Identified the +9 spear "Worm" {spect, SInv}
  4888 | D:4      | Found a staircase to the Ecumenical Temple.
  4889 | D:4      | Noticed Blork the orc
  4899 | D:4      | Killed Blork the orc
  4904 | Temple   | Entered the Ecumenical Temple
  4912 | Temple   | Became a worshipper of Gozag Ym Sagoz the Greedy
  5317 | D:4      | Reached XP level 8. HP: 5/69 MP: 8/8
  5317 | D:4      | Killed from afar by a white imp

Illustrated notes

Levels and vault maps discovered:
D:1:      moated_graveyard_arrival, layout_rooms, chequers_jeans
D:2:      layout_rooms, serial_shops, shop_scrolls
D:3:      layout_rooms, uniq_jessica, uniq_grinder
D:4:      layout_loops_cross, minmay_temple_entry_stoned_glass, serial_shops,
          nicolae_shop_trees, st_stairs_5, uniq_robin, uniq_blork_the_orc,
          uniq_eustachio
D:5:      layout_basic, hangedman_decor_points, nicolae_wormholes, uniq_sigmund
D:6:      layout_gridville, nicolae_shop_self_help
Temple:   nicolae_temple_the_god_donut

Skill      XL: |  1  2  3  4  5  6  7 |
---------------+----------------------+-----
Fighting       | 4 5 |  5.4
Axes           | 3 4 6 7 |  7.3
Armour         | 4 5 |  5.8
Shields        | 4 |  4.7
Stealth        | 1 |  1.4
Dodging        | 1 |  1.1

Action                   |  1- 3 |  4- 6 |  7- 9 || total
-------------------------+-------+-------+-------++-------
Melee: War axe           |   141 |   104 |    59 ||   304
  Use: Scroll            |     6 |       |     4 ||    10
       Potion            |     4 |     6 |     2 ||    12
Armor: Scale mail        |    69 |    42 |    32 ||   143
Dodge: Dodged            |    88 |    46 |    33 ||   167
Block: Buckler           |    35 |    18 |       ||    53
       Tower shield      |       |       |    53 ||    53
